cohdb
Replays
Latest Replays
All Replays
Popular Replays
Top Player Replays
Match Explorer
How It Works
Community
CoH3 Stats
Reddit
Sign in to upload your games and track your stats! →
Sign in with Steam
Match 46797869
Unlisted
Match 46797869
Overview
Messages
Build Orders
End
Construct Infanterie Kompanie
Grenadier Squad
Grenadier Squad
GrW 34 Mortar Team
Construct Panzergrenadier Kompanie
251 Medium Carrier
Panzergrenadier Squad
Pak 40 Anti-tank Gun Team
Panzergrenadier Squad
Construct Luftwaffe Kompanie
Construct Panzer Kompanie
Stoßtruppen Squad
Medical Station
Panzer IV Medium Tank
Selects Breakthrough Battlegroup
Selects Rapid Production
Selects Assault Grenadiers
Selects Smoke Bombing Run
Selects Incendiary Bombing Run
Incendiary Bombing Run
Incendiary Bombing Run
Pioneer Squad
Selects Blitzkrieg
Panzer IV Medium Tank
Incendiary Bombing Run
Blitzkrieg
Side Skirts
Selects Tiger Heavy Tank
Incendiary Bombing Run
Incendiary Bombing Run
カルト_くん
Lardt
Nes_Nad
Nudlar
0
0
Comments
sign in to comment!
No comments posted yet!